[Event "*** Titled Tuesday Blitz"]
[Site "Chess.com"]
[Date "2019.05.07"]
[Round "2"]
[White "1random"]
[Black "harvsp123"]
[Result "0-1"]
[WhiteElo "2677"]
[BlackElo "2470"]
[TimeControl "180+2"]
[EndTime "13:29:55 PDT"]
[Termination "harvsp123 won by checkmate"]

1. d4 Nf6 2. Nf3 g6 3. Nc3 d5 4.
Bf4 Bg7 5. Nb5 Na6 6. e3 O-O 7. h3 c6 8. Nc3 Nb8 9. Bd3 Nbd7 10. O-O Re8 11. Re1 Nh5 12. Bh2 e5 13. dxe5 Nxe5 14. Nxe5 Bxe5 15. Bxe5 Rxe5 16. e4 Nf4 17. Qf3 Qg5 18. Qg3 Qxg3 19. fxg3 Nxd3 20. cxd3 d4 21.
Ne2 c5 22. g4 b6 23. b4 Ba6 24. Red1 Rd8 25. bxc5 bxc5 26. Nf4 c4 27. dxc4 Bxc4 28. Nd5 Bxd5 29. exd5 Rdxd5 30. Rd3 Re2 31. Rad1 Rxa2 32.
Rxd4 Rxd4 33. Rxd4 h6 34. h4 Kg7 35. g5 hxg5 36. hxg5 Ra5 37. Rd7 Ra2 38. Kh2 Kf8 39. Kg3 Ke8 40. Rb7 a5 41. Ra7 Ra3+ 42.
Kf4 Ra1 43. Ke5 Re1+ 44. Kf6 Rf1+ 45. Kg7 Rf5 46. Kh6 Kf8 47. Ra8+ Ke7 48. Ra7+ Ke6 49.
Ra6+ Kd7 50. Ra7+ Kc6 51. g4 Rf4 52. Rxa5 Rxg4 53. Kg7 Kb6 54. Re5 Rf4 55. Re7 Rf5 56. Kh6 Kc6 57. Re1 Kd6 58. Kg7 Rxg5 59. Kxf7 Kd5 60. Kf6 Rg2 61. Re8 g5 62. Kf5 g4 63.
Rd8+ Kc4 64. Kf4 Rg1 65. Ke4 Kc3 66. Ke3 g3 67. Rc8+ Kb4 68. Kf3 Kb5 69. Rc2 Kb6 70. Rc3 Kb5 71. Rc2 Kb4 72. Ke4 Kb3 73. Re2 Kc3 74. Ke3 Kc4 75. Rc2+ Kd5 76. Ra2 Kc4 77. Ke4 Kc3 78. Ra8 Kd2 79. Rg8 Ke2 80. Kf4 Rf1+ 81. Ke4 Kf2 82. Rf8+ Kg2 83. Rc8 Rf2 84. Ke3 Kh2 85.
Rh8+ Kg2 86. Ra8 Rf6 87. Re8 Kg1 88. Ke2 g2 89. Rh8 Rf5 90. Rh7 Re5+ 91. Kd3 Kf2 92. Rf7+ Kg3 93. Rg7+ Kf3 94. Rg8 Re1 95. Rf8+ Kg3 96.
Rg8+ Kf3 97. Rf8+ Kg3 98. Rg8+ Kf2 99. Rf8+ Kg1 100. Kd2 Re5 101. Rh8 Kf2 102. Rf8+ Kg3 103. Rg8+ Kf3 104. Rg7 Re4 105. Rf7+ Rf4 106. Rg7 Rg4 107. Rf7+ Ke4 108. Re7+ Kd5 109. Re1 g1=Q 110. Rxg1 Rxg1 111. Ke3 Rg4 112. Kf3 Ra4 113. Ke3 Ke5 114. Kd3 Rg4 115. Kc3 Kd5 116. Kd2 Kd4 117. Ke2 Rg3 118. Kf2 Ra3 119. Ke2 Rb3 120. Kf2 Ke4 121. Kg2 Kf4 122. Kf2 Rb2+ 123. Ke1 Ke3 124. Kd1 Rh2 125. Kc1 Kd3 126. Kb1 Kc3 127. Kc1 Rh1# 0-1

[Event "*** Titled Tuesday Blitz"]
[Site "Chess.com"]
[Date "2019.05.07"]
[Round "2"]
[White "MikaelyanArman"]
[Black "Keaton87"]
[Result "0-1"]
[WhiteElo "2711"]
[BlackElo "2547"]
[TimeControl "180+2"]
[EndTime "13:30:22 PDT"]
[Termination "Keaton87 won by resignation"]

1. e4 c5 2. Nc3 Nc6 3. Bb5 g6 4. Bxc6 dxc6 5. f4 Bg7 6. Nf3 Nf6 7. d3 O-O 8. O-O Bg4 9. Qe1 Bxf3 10. Rxf3 Nd7 11. f5 e6 12. fxe6 fxe6 13. Rxf8+ Nxf8 14. Be3 Bd4 15. Kh1 Bxe3 16. Qxe3 Qd4 17. Qf4 Nd7 18. Qc7 Rf8 19. Qxb7 Rf2 20. Qxc6 Qf6 21. h3 Ne5 22. Qxc5 Qf4 23. Qc8+ Kg7 24. Qc7+ Kh6 25. Rg1 Rxc2 26.
d4 Nd3 27. Qxf4+ Nxf4 28. a4 Rxb2 29. Nb5 Rb4 30. Ra1 a5 31. Kh2 Kg5 32. Rd1 Rxa4 33.
d5 exd5 34. exd5 Rb4 35. Nc7 Rb8 36. d6 Kf6 37. g3 Ne2 38. Rd2 Nc3 39. Rf2+ Ke5 40.
d7 Rd8 41. Rc2 Ne4 42. Nb5 Rxd7 43. Rc8 Rd2+ 44. Kg1 Ng5 45. Rc5+ Kf6 46. Nc3 Nxh3+ 47. Kf1 Kg7 48. Rxa5 Rd3 49. Ne4 Re3 50. Kg2 Nf4+ 51. gxf4 Rxe4 52. Kf3 Re1 53. Ra7+ Kh6 54. Ra2 Rf1+ 55.
Kg4 Rg1+ 56. Kf3 Rc1 57. Rh2+ Kg7 58. Ra2 h5 59. Ra6 Rc5 60. Ra8 Rb5 61. Rc8 Rd5 62.
Rb8 Kf6 63. Rf8+ Ke6 64. Re8+ Kf7 65. Rb8 Rd6 66. Ke4 Re6+ 67. Kf3 Kf6 68. Rf8+ Kg7 69. Rb8 Rf6 70. Rb7+ Rf7 71. Rb5 Rf5 72. Rb7+ Kh6 73.
Kg3 Rc5 74. Rb8 Rc3+ 75. Kg2 Kg7 76. Ra8 Kf6 77. Ra5 Rd3 78. Rb5 Re3 79. Ra5 Rd3 80. Rb5 Ke6 81. Rg5 Kf6 82. Rb5 h4 83. Ra5 Rg3+ 84.
Kf2 Rc3 85. Kg2 Kg7 86. Rb5 Kh6 87. Ra5 Rg3+ 88. Kf2 Rg4 89. Kf3 Rg1 90. Ra8 Rg3+ 91. Kf2 Kh5 92. Ra6 Rb3 93. Ra5+ Kh6 94. Kg2 Rg3+ 95.
Kf2 Rg4 96. Kf3 Rg1 97. Kf2 Rc1 98. Kg2 Rc3 99. Rb5 Kg7 100. Ra5 Kf7 101. Rb5 Rd3 102. Ra5 Ke6 103. Rb5 Rd5 104. Rb8 Kf5 105. Kf3 Rd3+ 106. Ke2 Rg3 107. Rf8+ Kg4 108. Rf6 Kh3 109. f5 g5 110. Rg6 g4 111. f6 Rf3 112. Ke1 Kg3 113. Ke2 h3 114. Rh6 h2 115. Ke1 Rxf6 116. Rxf6 h1=Q+ 117. Rf1 Qxf1+ 118. Kxf1 Kh2 0-1

[Event "*** Titled Tuesday Blitz"]
[Site "Chess.com"]
[Date "2019.05.07"]
[Round "3"]
[White "RATNAKARAN"]
[Black "novocane"]
[Result "1-0"]
[WhiteElo "2419"]
[BlackElo "2235"]
[TimeControl "180+2"]
[EndTime "13:32:36 PDT"]
[Termination "RATNAKARAN won by resignation"]

1. e4 c5 2. Nf3 Nc6 3. Bb5 Nf6 4.
e5 Nd5 5. Nc3 Nc7 6. Bxc6 dxc6 7. Ne4 b6 8. O-O Bg4 9. Re1 e6 10. h3 Bxf3 11. Qxf3 Be7 12. Nd6+ Bxd6 13. Qxc6+ Kf8 14.
exd6 Nd5 15. d4 cxd4 16. Bg5 Qc8 17. Qxc8+ 1-0

[Event "*** Titled Tuesday Blitz"]
[Site "Chess.com"]
[Date "2019.05.07"]
[Round "3"]
[White "capatl"]
[Black "Caisachess"]
[Result "1-0"]
[WhiteElo "2586"]
[BlackElo "2347"]
[TimeControl "180+2"]
[EndTime "13:33:00 PDT"]
[Termination "capatl won by resignation"]

1. c4 Nf6 2. Nc3 e6 3. Nf3 d5 4. cxd5 exd5 5. d4 c6 6. g3 h6 7.
Bg2 Bd6 8. O-O O-O 9. Ne5 Re8 10. f4 Bf5 11. a3 Na6 12. b4 Nc7 13. Qb3 Ne4 14.
Nxe4 Bxe4 15. Bxe4 dxe4 16. Nxf7 1-0

[Event "*** Titled Tuesday Blitz"]
[Site "Chess.com"]
[Date "2019.05.07"]
[Round "3"]
[White "PlotnikovPavel"]
[Black "j_coca"]
[Result "1-0"]
[WhiteElo "2355"]
[BlackElo "2141"]
[TimeControl "180+2"]
[EndTime "13:33:53 PDT"]
[Termination "PlotnikovPavel won by resignation"]

1. e4 Nf6 2. e5 Nd5 3. d4 d6 4. Nf3 Bg4 5. Be2 dxe5 6. Nxe5 Bxe2 7. Qxe2 Nd7 8. O-O e6 9. c4 N5f6 10. Nc3 Be7 11. Bf4 O-O 12. Rfe1 a6 13. Rad1 c6 14. d5 cxd5 15. cxd5 exd5 16. Nxd5 Nxe5 17. Nxf6+ Bxf6 18. Rxd8 Raxd8 19. Bxe5 Rfe8 20. f4 Be7 21. Qg4 f6 22.
Bc3 b5 23. a3 1-0

[Event "*** Titled Tuesday Blitz"]
[Site "Chess.com"]
[Date "2019.05.07"]
[Round "3"]
[White "dopolian"]
[Black "Komissarov_alex"]
[Result "1-0"]
[WhiteElo "2240"]
[BlackElo "2115"]
[TimeControl "180+2"]
[EndTime "13:33:54 PDT"]
[Termination "dopolian won by resignation"]

1. d4 Nf6 2. Nf3 d5 3. c4 e6 4. Nc3 Bb4 5. cxd5 exd5 6. Qa4+ Nc6 7. Bg5 h6 8. Bh4 g5 9. Bg3 Bd7 10. Qc2 g4 11. Ne5 Nxd4 12. Qd3 Nf5 13. Nxd7 Qxd7 14.
Be5 Qb5 15. Qxb5+ 1-0

[Event "*** Titled Tuesday Blitz"]
[Site "Chess.com"]
[Date "2019.05.07"]
[Round "3"]
[White "Perecke"]
[Black "NM2019"]
[Result "0-1"]
[WhiteElo "2096"]
[BlackElo "2158"]
[TimeControl "180+2"]
[EndTime "13:34:12 PDT"]
[Termination "NM2019 won by resignation"]

1. e4 c5 2. Nf3 d6 3. d4 cxd4 4. Nxd4 Nf6 5. Nc3 a6 6. h3 e5 7.
Nde2 Be6 8. g4 Be7 9. Bg2 Nbd7 10. O-O Qc7 11. Be3 Rc8 12. Rc1 b5 13. g5 Nh5 14.
Nd5 Bxd5 15. exd5 g6 16. f4 exf4 17. Nxf4 Ng3 18. Re1 O-O 19. Qg4 Nf5 20. Bf2 Ne5 21. Re2 0-1

[Event "*** Titled Tuesday Blitz"]
[Site "Chess.com"]
[Date "2019.05.07"]
[Round "3"]
[White "BasilSmash"]
[Black "Yaacovn"]
[Result "0-1"]
[WhiteElo "2491"]
[BlackElo "2800"]
[TimeControl "180+2"]
[EndTime "13:34:19 PDT"]
[Termination "Yaacovn won by checkmate"]

1. e4 c6 2. d4 d5 3. exd5 cxd5 4. Bd3 Nf6 5. c3 Nc6 6. Bf4 Bg4 7. Qb3 Qd7 8. Nd2 e6 9. Ngf3 Bd6 10. Bxd6 Qxd6 11. O-O O-O 12. Rfe1 Rab8 13. a4 Qc7 14. Ne5 Bf5 15.
Bxf5 exf5 16. Nd3 Na5 17. Qb4 Rfe8 18. f3 g6 19. Re5 Nc6 20. Rxe8+ Rxe8 21. Qa3 Re3 22. Nf2 Nxd4 23. Nf1 Nc2 24. Qa2 Re2 25. Ng3 Rxf2 26. Kxf2 Qb6+ 27. Kf1 Ne3+ 28. Kg1 Neg4+ 29.
Kh1 Nf2+ 30. Kg1 Nh3+ 31. Kh1 Qg1+ 32. Rxg1 Nf2# 0-1

[Event "*** Titled Tuesday Blitz"]
[Site "Chess.com"]
[Date "2019.05.07"]
[Round "3"]
[White "Ind1anStar"]
[Black "KazakhFighter04"]
[Result "1-0"]
[WhiteElo "2478"]
[BlackElo "2646"]
[TimeControl "180+2"]
[EndTime "13:34:29 PDT"]
[Termination "Ind1anStar won by resignation"]

1. c4 Nf6 2. Nc3 e6 3. e4 d5 4.
e5 d4 5. exf6 dxc3 6. bxc3 Qxf6 7. Nf3 e5 8. Bd3 Bf5 9. Bxf5 Qxf5 10. O-O Nc6 11. Qb3 O-O-O 12. Rb1 b6 13. Qb5 Kb7 14.
d4 a6 15. Qb2 e4 16. Nd2 Na5 17. Re1 c5 18. Qxb6+ 1-0

[Event "*** Titled Tuesday Blitz"]
[Site "Chess.com"]
[Date "2019.05.07"]
[Round "3"]
[White "annamaja"]
[Black "VFernandezB"]
[Result "1-0"]
[WhiteElo "2167"]
[BlackElo "2328"]
[TimeControl "180+2"]
[EndTime "13:34:38 PDT"]
[Termination "annamaja won by checkmate"]

1. e4 c5 2. Nf3 d6 3. d4 cxd4 4. Nxd4 Nf6 5. Nc3 a6 6. g3 g6 7.
Bg2 Bg7 8. O-O O-O 9. h3 Nc6 10. Be3 Nxd4 11. Bxd4 Bd7 12. e5 dxe5 13. Bxe5 Qc8 14.
Qd4 Bxh3 15. Nd5 Nxd5 16. Bxg7 Rd8 17. Bxd5 Bxf1 18. Bh6 e5 19. Qxe5 Rxd5 20. Qg7# 1-0

[Event "*** Titled Tuesday Blitz"]
[Site "Chess.com"]
[Date "2019.05.07"]
[Round "3"]
[White "XiaoKangZhong"]
[Black "VeraNebolsina"]
[Result "0-1"]
[WhiteElo "2234"]
[BlackElo "2359"]
[TimeControl "180+2"]
[EndTime "13:34:51 PDT"]
[Termination "VeraNebolsina won by checkmate"]

1. e4 g6 2. d4 Bg7 3. Nc3 d6 4. Nf3 a6 5. a4 Nf6 6. Bc4 O-O 7. O-O Nc6 8. Ba2 Bg4 9. Be3 e5 10. d5 Nd4 11. Bxd4 exd4 12. Qxd4 Bxf3 13. gxf3 Nh5 14. Qe3 Be5 15. Kh1 Bf4 16. Rg1 Bxe3 17. fxe3 Qh4 18. Rg2 Qh3 19. Rf1 Ng3+ 20. Rxg3 Qxf1+ 21. Rg1 Qxf3+ 22. Rg2 f5 23. e5 f4 24. e4 Qf1+ 25. Rg1 Qh3 26.
exd6 cxd6 27. e5 f3 28. Ne4 f2 29. Nf6+ Rxf6 30. exf6 Qf3+ 31. Rg2 f1=Q# 0-1

[Event "*** Titled Tuesday Blitz"]
[Site "Chess.com"]
[Date "2019.05.07"]
[Round "3"]
[White "Aryangholami"]
[Black "TastyFrenchFries"]
[Result "1-0"]
[WhiteElo "2662"]
[BlackElo "2434"]
[TimeControl "180+2"]
[EndTime "13:34:56 PDT"]
[Termination "Aryangholami won by resignation"]

1. Nf3 b6 2. g3 Bb7 3. Bg2 e6 4. O-O Nf6 5. c4 Be7 6. d3 O-O 7. e4 h6 8. Nc3 c5 9. Re1 Nc6 10. d4 cxd4 11. Nxd4 Nxd4 12. Qxd4 Qc8 13. Bf4 Bc5 14.
Qd2 Rd8 15. a3 Ne8 16. Rac1 Be7 17. Nd5 exd5 18. cxd5 Bc5 19. b4 d6 20. bxc5 bxc5 21.
e5 dxe5 22. Rxe5 c4 23. Qb4 Ba6 24. Re7 Rd7 25. Bh3 Nf6 26. Rxd7 Nxd7 27. Qa4 1-0

[Event "*** Titled Tuesday Blitz"]
[Site "Chess.com"]
[Date "2019.05.07"]
[Round "3"]
[White "RegZryt"]
[Black "Cryptochess"]
[Result "0-1"]
[WhiteElo "2508"]
[BlackElo "2546"]
[TimeControl "180+2"]
[EndTime "13:35:12 PDT"]
[Termination "Cryptochess won by resignation"]

1. d4 d6 2. e4 Nf6 3. Nc3 g6 4. Be3 c6 5. Qd2 b5 6. f3 Nbd7 7. g4 Nb6 8. Bd3 h5 9. g5 Nfd7 10. h4 Bg7 11. f4 O-O 12. f5 b4 13. Nce2 c5 14. Nf3 c4 15. f6 exf6 16. gxf6 Nxf6 17. e5 Ng4 18. Bg5 Qd7 19. Be4 d5 20. Ng3 dxe4 21. Nxe4 Bb7 22. Qe2 Qd5 23. Nfd2 c3 24. O-O-O Qxa2 0-1

[Event "*** Titled Tuesday Blitz"]
[Site "Chess.com"]
[Date "2019.05.07"]
[Round "3"]
[White "Maikrosoft63"]
[Black "vladimirdamjanovic"]
[Result "0-1"]
[WhiteElo "2557"]
[BlackElo "2579"]
[TimeControl "180+2"]
[EndTime "13:35:13 PDT"]
[Termination "vladimirdamjanovic won by resignation"]

1. e4 c5 2. Nf3 d6 3. d4 cxd4 4. Nxd4 Nf6 5. Nc3 g6 6. Be3 Bg7 7. f3 Nc6 8. Qd2 h5 9. O-O-O Bd7 10.
Bc4 Rc8 11. Bb3 Na5 12. Kb1 Nc4 13. Bxc4 Rxc4 14. Rhe1 Qc7 15. Nb3 a5 16. Nd5 Nxd5 17. exd5 O-O 18. Bd4 Bf5 19. Rc1 Rc8 20. Bxg7 Rxc2 21.
Rxc2 Qxc2+ 22. Qxc2 Rxc2 23. Ka1 Kxg7 24. Rxe7 a4 25. Rxb7 axb3 26. axb3 Rxg2 27. b4 Rxh2 28. b5 Rd2 29. Ka2 Rxd5 30. Ka3 h4 31. Ka4 h3 32. Rc7 Bd7 0-1

[Event "*** Titled Tuesday Blitz"]
[Site "Chess.com"]
[Date "2019.05.07"]
[Round "3"]
[White "Msb2"]
[Black "SoltaniciR"]
[Result "1-0"]
[WhiteElo "2953"]
[BlackElo "2495"]
[TimeControl "180+2"]
[EndTime "13:35:19 PDT"]
[Termination "Msb2 won by resignation"]

1. d4 Nf6 2. c4 Nc6 3. Nf3 e6 4. g3 Bb4+ 5. Nbd2 d6 6. Bg2 O-O 7. O-O Bxd2 8. Bxd2 a5 9. Qc2 Qe7 10. e4 e5 11. Bc3 Bg4 12. d5 Nb4 13. Qe2 c6 14. h3 Bd7 15. a3 Na6 16. Rac1 Nc5 17. Nd2 a4 18. f4 cxd5 19. exd5 e4 20. g4 g6 21. Rce1 Rfe8 22. Qe3 b5 23. f5 Rf8 24. Qg5 Nxd5 25. f6 1-0

[Event "*** Titled Tuesday Blitz"]
[Site "Chess.com"]
[Date "2019.05.07"]
[Round "3"]
[White "AlexZambrano"]
[Black "WorldChampionBulletChess"]
[Result "1-0"]
[WhiteElo "2235"]
[BlackElo "2061"]
[TimeControl "180+2"]
[EndTime "13:35:19 PDT"]
[Termination "AlexZambrano won by resignation"]

1. e4 d5 2. exd5 Qxd5 3. Nc3 Qd8 4. d4 Nf6 5. Bc4 Bg4 6. f3 Bh5 7. Be3 e6 8. Nge2 Bb4 9. a3 Bd6 10. Qd2 O-O 11. O-O-O Nd5 12. Nxd5 exd5 13. Bd3 Bg6 14. Bxg6 fxg6 15. h4 Nd7 16. h5 gxh5 17. Rxh5 Nf6 18. Bg5 Qe8 19. Rh3 Qg6 20. Rdh1 h6 21. Bf4 Bxf4 22.
Nxf4 Qf5 23. g4 Nxg4 24. Nxd5 Qxd5 25. fxg4 Qa2 26. c3 Rae8 27. g5 hxg5 28. Rh8+ Kf7 29. Rf1+ Ke7 30. Qe2+ Kd8 31. Rfxf8 1-0

[Event "*** Titled Tuesday Blitz"]
[Site "Chess.com"]
[Date "2019.05.07"]
[Round "3"]
[White "jmduque"]
[Black "gemarin"]
[Result "0-1"]
[WhiteElo "2134"]
[BlackElo "2086"]
[TimeControl "180+2"]
[EndTime "13:35:37 PDT"]
[Termination "gemarin won by resignation"]

1. e4 c5 2. Nf3 Nc6 3. d4 cxd4 4. Nxd4 Nf6 5. Nc3 d6 6. Bg5 e6 7. Qd2 a6 8. O-O-O h6 9. Nxc6 bxc6 10. Bf4 d5 11.
Qe3 Be7 12. Be2 O-O 13. h4 Qa5 14. e5 Nh7 15. Rh3 Kh8 16. Bd3 f5 17. exf6 Bxf6 18. Be5 d4 19. Bxd4 Bxd4 20. Qxd4 e5 21. Qe4 Bf5 22. Qxc6 Bxh3 23. gxh3 Rfc8 24. Qg6 Nf8 25. Qf7 Rxc3 26. bxc3 Qxc3 27. Qb3 Qd4 28. Rg1 Qf4+ 29. Kb1 e4 30. Qb7 Rb8 31. Bxa6 Rxb7+ 32. Bxb7 Qb8 0-1

[Event "*** Titled Tuesday Blitz"]
[Site "Chess.com"]
[Date "2019.05.07"]
[Round "3"]
[White "Cruel_Yaro"]
[Black "TregubovP"]
[Result "0-1"]
[WhiteElo "2737"]
[BlackElo "2544"]
[TimeControl "180+2"]
[EndTime "13:35:41 PDT"]
[Termination "TregubovP won by resignation"]

1. Nf3 c5 2. e4 Nc6 3. Bb5 Nf6 4. Nc3 g6 5. O-O Bg7 6. Bxc6 bxc6 7. e5 Nd5 8. Ne4 O-O 9. Nxc5 d6 10. exd6 exd6 11. Ne4 Rb8 12. d4 Re8 13. Ng3 c5 14. c4 Nb6 15. b3 Bg4 16. Bg5 Bxf3 17. Bxd8 Bxd1 18. Bxb6 Bxb3 19. Bxa7 Bxc4 20. Bxb8 Rxb8 21. Rfd1 Bxd4 22. Rac1 Bxa2 23. Ne2 Be5 24. f4 Bb2 25. Rc2 Be6 26. Rb1 Bd4+ 0-1

[Event "*** Titled Tuesday Blitz"]
[Site "Chess.com"]
[Date "2019.05.07"]
[Round "3"]
[White "muran29"]
[Black "nurgyulsalimova"]
[Result "1-0"]
[WhiteElo "2461"]
[BlackElo "2585"]
[TimeControl "180+2"]
[EndTime "13:35:47 PDT"]
[Termination "muran29 won by resignation"]

1. d4 Nf6 2. c4 e6 3. Nf3 d5 4.
Nc3 c6 5. Bg5 dxc4 6. e4 b5 7. e5 h6 8. Bh4 g5 9. Nxg5 hxg5 10.
Bxg5 Be7 11. exf6 Bxf6 12. Bxf6 Qxf6 13. Be2 Rh4 14. O-O Rxd4 15. Qc2 Bb7 16. Bf3 Rf4 17. Ne4 Qe5 18. Rad1 Ke7 19. Nd6 Ba6 20. Rfe1 Qg5 21. Qd2 Kf8 22. Ne4 Qf5 23. Ng3 Qg5 24. Qd6+ Kg8 25.
Re5 1-0

[Event "*** Titled Tuesday Blitz"]
[Site "Chess.com"]
[Date "2019.05.07"]
[Round "3"]
[White "FMJoseHerrera"]
[Black "Jahonas"]
[Result "0-1"]
[WhiteElo "2479"]
[BlackElo "2330"]
[TimeControl "180+2"]
[EndTime "13:35:51 PDT"]
[Termination "Jahonas won by resignation"]

1. Nf3 Nf6 2. g3 e6 3. Bg2 d5 4.
O-O Be7 5. d3 Nbd7 6. c3 O-O 7. a3 c5 8. b4 b6 9. Nbd2 Bb7 10.
Bb2 Qc7 11. Qb3 e5 12. Nh4 Rfe8 13. Rac1 Bf8 14. Rfd1 Rad8 15. Qa2 Qb8 16. b5 d4 17. cxd4 exd4 18. Ne4 Nxe4 19. dxe4 Ne5 20. Nf5 g6 21. Nh4 Be7 22. f4 Bxh4 23. fxe5 Bg5 24. Rf1 Be3+ 25.
Kh1 Re7 26. e6 Rxe6 27. Rcd1 Qa8 28. Bc1 Bxe4 29. Bf3 Bxc1 30. Rxc1 d3 31. Kg1 Bxf3 32. exf3 Re2 33. Qc4 Qd5 34. Rfd1 Qxf3 0-1

[Event "*** Titled Tuesday Blitz"]
[Site "Chess.com"]
[Date "2019.05.07"]
[Round "3"]
[White "jcibarra"]
[Black "Alexander_Moskalenko"]
[Result "0-1"]
[WhiteElo "2702"]
[BlackElo "2871"]
[TimeControl "180+2"]
[EndTime "13:35:56 PDT"]
[Termination "Alexander_Moskalenko won by resignation"]

1. Nf3 d5 2. b3 c6 3. Bb2 Nf6 4. c4 Bf5 5. g3 e6 6. Bg2 Nbd7 7. O-O Be7 8. Nh4 Be4 9. f3 Bxb1 10. Qxb1 g5 11. Nf5 exf5 12. Qxf5 dxc4 13. e4 cxb3 14. e5 Nd5 15. e6 fxe6 16. Qxe6 Qb6+ 17. Kh1 Rf8 18.
f4 gxf4 19. Rfe1 f3 20. Bh3 O-O-O 21. Be5 Bf6 22. axb3 Bxe5 23. Rxe5 f2 24. Qd6 Qc7 25. Rxd5 f1=Q+ 26. Bxf1 cxd5 27. Qa3 Qb6 0-1

[Event "*** Titled Tuesday Blitz"]
[Site "Chess.com"]
[Date "2019.05.07"]
[Round "3"]
[White "kleinebeer98"]
[Black "SirStrateg"]
[Result "1-0"]
[WhiteElo "2709"]
[BlackElo "2525"]
[TimeControl "180+2"]
[EndTime "13:35:57 PDT"]
[Termination "kleinebeer98 won by resignation"]

1. e4 d6 2. d4 Nf6 3. Nc3 c6 4. f3 Nbd7 5. Be3 e5 6. Nge2 Be7 7. Qd2 b5 8. g4 Nb6 9. Ng3 g6 10. h4 h5 11. g5 Nfd7 12. f4 b4 13. Nd1 a5 14. a3 bxa3 15. Rxa3 d5 16. Ra1 exf4 17. Bxf4 a4 18. Ne3 Ba6 19. Bxa6 Rxa6 20. O-O O-O 21. Qe2 Ra5 22. Nxh5 dxe4 23. Ng3 c5 24. d5 c4 25.
d6 Ne5 26. dxe7 Qxe7 27. Nxe4 Ned7 28. Ng4 Kh8 29. Bd6 Qe6 30. Bxf8 1-0

[Event "*** Titled Tuesday Blitz"]
[Site "Chess.com"]
[Date "2019.05.07"]
[Round "3"]
[White "FedaMaster"]
[Black "TristanCalistri"]
[Result "1-0"]
[WhiteElo "2312"]
[BlackElo "2186"]
[TimeControl "180+2"]
[EndTime "13:36:00 PDT"]
[Termination "FedaMaster won by resignation"]

1. e4 e5 2. Nf3 d6 3. d4 exd4 4.
Qxd4 Nf6 5. Nc3 Be7 6. Bg5 O-O 7.
O-O-O Nc6 8. Qd2 Be6 9. Kb1 a6 10. Bd3 b5 11. Ne2 Ne5 12. Ned4 Qd7 13. Nxe6 Qxe6 14.
Nd4 Qd7 15. Nf5 Bd8 16. Rhe1 Nxd3 17. Qxd3 Qc6 18. Qg3 Nxe4 19. Bxd8 Nxg3 20. Ne7+ Kh8 21. Nxc6 1-0

[Event "*** Titled Tuesday Blitz"]
[Site "Chess.com"]
[Date "2019.05.07"]
[Round "3"]
[White "Simoncelli15"]
[Black "kacprekt"]
[Result "1-0"]
[WhiteElo "2266"]
[BlackElo "2303"]
[TimeControl "180+2"]
[EndTime "13:36:28 PDT"]
[Termination "Simoncelli15 won by resignation"]

1. e4 c6 2. d4 d5 3. e5 Bf5 4.
Nd2 c5 5. dxc5 Nc6 6. f4 e6 7. Nb3 h5 8. Be3 Nh6 9. Nf3 Be7 10. Bd3 g6 11. c3 a5 12. a4 Ng4 13. Bg1 Be4 14. Bxe4 dxe4 15. Qxd8+ Rxd8 16. Nfd2 e3 17. Nc4 Rd5 18. Nd6+ Kf8 19. h3 Bh4+ 20. Ke2 Nf2 21. Bxf2 exf2 22. c4 Nd4+ 23. Nxd4 Rxd4 24. Ke3 Rxd6 25.
cxd6 Bg3 26. h4 1-0

[Event "*** Titled Tuesday Blitz"]
[Site "Chess.com"]
[Date "2019.05.07"]
[Round "3"]
[White "PowerThinking2650"]
[Black "GMJimKnopf"]
[Result "1-0"]
[WhiteElo "2382"]
[BlackElo "2412"]
[TimeControl "180+2"]
[EndTime "13:36:30 PDT"]
[Termination "PowerThinking2650 won on time"]

1. e4 c5 2. Nf3 d6 3. Nc3 a6 4. a4 Nf6 5. g3 Nc6 6. Bg2 g6 7. O-O Bg7 8. d3 O-O 9. h3 Rb8 10. Be3 b5 11. axb5 axb5 12. Qd2 b4 13. Nd1 Nd7 14.
Bh6 Bb7 15. Bxg7 Kxg7 16. Ne3 Ra8 17. Rab1 Ra2 18. Ng4 f6 19. Qh6+ Kg8 20. e5 dxe5 21. Ng5 fxg5 22. Bd5+ Kh8 23. Bxa2 Nf6 24. Qxg5 Nxg4 25.
hxg4 Nd4 26. Qxe5+ Rf6 27. f4 Qa8 28. Qxe7 1-0

[Event "*** Titled Tuesday Blitz"]
[Site "Chess.com"]
[Date "2019.05.07"]
[Round "3"]
[White "albi1999"]
[Black "ruvat"]
[Result "1-0"]
[WhiteElo "2525"]
[BlackElo "2328"]
[TimeControl "180+2"]
[EndTime "13:36:37 PDT"]
[Termination "albi1999 won by resignation"]

1. d4 d6 2. Nf3 g6 3. g3 Bg7 4. Bg2 Nf6 5. O-O O-O 6. b3 e5 7. dxe5 Ng4 8. Bb2 Nd7 9. c4 dxe5 10. h3 Nh6 11. Nc3 c6 12. Ne4 f6 13. Ba3 Re8 14. Nd6 Re6 15. Qd2 Nf7 16. Nxc8 Qxc8 17. Rad1 Nf8 18. h4 Re8 19. Kh2 Qc7 20. Bh3 Rad8 21. Qc2 Rxd1 22. Rxd1 Ne6 23. Bc1 Bf8 24. Be3 Nfd8 25.
Qd2 f5 26. Qd7 Qxd7 27. Rxd7 Bg7 28. Bxa7 e4 29. Ne1 Bd4 30. Bxd4 1-0

[Event "*** Titled Tuesday Blitz"]
[Site "Chess.com"]
[Date "2019.05.07"]
[Round "3"]
[White "ShimanovAlex"]
[Black "AliKa2810"]
[Result "1-0"]
[WhiteElo "2835"]
[BlackElo "2497"]
[TimeControl "180+2"]
[EndTime "13:36:38 PDT"]
[Termination "ShimanovAlex won by resignation"]

1. g3 Nf6 2. Bg2 g6 3. c4 Bg7 4. Nc3 O-O 5. d3 d6 6. Nf3 e5 7. O-O c5 8. a3 Nc6 9. Rb1 h6 10. b4 Be6 11. bxc5 dxc5 12. Rxb7 Rb8 13. Rb5 Qd6 14. Nd2 Rxb5 15. cxb5 Nd4 16. e3 Nf5 17. Nc4 Qc7 18. a4 Rd8 19. Qc2 h5 20. Ba3 h4 21. Ne4 hxg3 22. hxg3 Nd7 23. Rc1 Bf8 24. Ng5 Bxc4 25. Qxc4 Nb6 26. Qb3 Rc8 27.
a5 c4 28. axb6 cxb3 29. Rxc7 Rb8 30. bxa7 1-0

[Event "*** Titled Tuesday Blitz"]
[Site "Chess.com"]
[Date "2019.05.07"]
[Round "3"]
[White "saraswathii"]
[Black "MFguimaraes"]
[Result "1-0"]
[WhiteElo "2270"]
[BlackElo "2309"]
[TimeControl "180+2"]
[EndTime "13:36:38 PDT"]
[Termination "saraswathii won by resignation"]

1. d4 d5 2. Bf4 c5 3. e3 cxd4 4. exd4 Qb6 5. Nc3 Nf6 6. Bxb8 Rxb8 7. Bb5+ Bd7 8. Bxd7+ Kxd7 9. Rb1 e6 10. Nf3 Bd6 11.
O-O Rhc8 12. Ne5+ Ke8 13. Qd2 Bb4 14. a3 Ne4 15. Qf4 f6 16. Nxe4 fxe5 17. Qxe5 dxe4 18. axb4 Rxc2 19. Qxe4 Rbc8 20. d5 Kf7 21. Qxh7 exd5 22. Rbe1 Qxb4 23. Qf5+ Kg8 24. Qxd5+ Kf8 25. Re3 R8c6 26. Qd8+ Kf7 27. Qe8+ Kf6 28. Rf3+ Kg5 29. Qe5+ Kh6 30. Rh3+ Kg6 31. Rg3+ Kf7 32. Qxg7+ Ke6 33. Re3+ Kd6 34. Qe7+ Kd5 35. Qxb4 1-0

[Event "*** Titled Tuesday Blitz"]
[Site "Chess.com"]
[Date "2019.05.07"]
[Round "3"]
[White "spicycaterpillar"]
[Black "Matibar"]
[Result "1/2-1/2"]
[WhiteElo "2823"]
[BlackElo "2736"]
[TimeControl "180+2"]
[EndTime "13:36:41 PDT"]
[Termination "Game drawn by repetition"]

1. e4 e5 2. Nf3 Nc6 3. Bb5 a6 4. Ba4 Nf6 5. O-O b5 6. Bb3 Bb7 7. d3 Be7 8. Nc3 O-O 9. a3 d6 10. Re1 Nd4 11. Nxd4 exd4 12. Ne2 c5 13. Ng3 Qc7 14. Nf5 Rae8 15. Bf4 Bc8 16. Nxe7+ Qxe7 17. e5 dxe5 18. Rxe5 Qxe5 19. Bxe5 Rxe5 20. h3 Bb7 21. Qd2 Rfe8 22. Qf4 h6 23. a4 b4 24. a5 Rg5 25.
g3 Rge5 26. Kf1 Bc8 27. Kg2 Bb7+ 28. Kf1 Bc8 29. Kg2 Bb7+ 30. Kf1 Bc8 31. Kg2 1/2-1/2

[Event "*** Titled Tuesday Blitz"]
[Site "Chess.com"]
[Date "2019.05.07"]
[Round "3"]
[White "picturesquecheck"]
[Black "Saitama_Hero"]
[Result "0-1"]
[WhiteElo "2052"]
[BlackElo "2213"]
[TimeControl "180+2"]
[EndTime "13:36:42 PDT"]
[Termination "Saitama_Hero won by resignation"]

1. e4 d6 2. d4 Nf6 3. Nc3 c6 4.
f3 Nbd7 5. Be3 e5 6. Nge2 b5 7. a3 a6 8. Qd2 Qc7 9. g3 Nb6 10. b3 Be7 11. g4 g6 12. Ng3 O-O 13. h4 exd4 14. Bxd4 c5 15. Bf2 Bb7 16. h5 Rfe8 17. hxg6 fxg6 18. g5 Nfd5 19. Nxd5 Bxd5 20. Be3 Bb7 21.
Qh2 Bf8 22. Bg2 d5 23. Nh5 Qxh2 24. Rxh2 gxh5 25. Rxh5 dxe4 0-1